 Dungeon Crawl Stone Soup version 0.29-a0-393-g47a863cc1b (webtiles) character file.

Game seed: 1515510220782501709

1644 zishaf the Zephyrmancer (level 8, -1/52 HPs)
             Began as a Tengu Air Elementalist on May 10, 2022.
             Was a Follower of Dithmenos.
             Succumbed to Grum's poison
             ... on level 5 of the Dungeon.
             The game lasted 00:13:52 (6211 turns).

zishaf the Zephyrmancer (Tengu Air Elementalist)    Turns: 6211, Time: 00:13:52

Health: -1/52      AC:  4    Str:  9    XL:     8   Next: 99%
Magic:  11/22      EV: 14    Int: 17    God:    Dithmenos [*.....]
Gold:   489        SH:  0    Dex: 15    Spells: 3/13 levels left

rFire   . . .      SeeInvis .   n - +1 short sword
rCold   . . .      Faith    .   (no shield)
rNeg    . . .      Spirit   .   c - +0 robe {Will+}
rPois   .          Reflect  .   (helmet restricted)
rElec   .          Harm     .   (no cloak)
rCorr   .          Rampage  .   m - +1 pair of gloves
Will    +....                   (boots unavailable)
Stlth   ++........              e - amulet of regeneration
HPRegen 0.97/turn               h - ring of magical power
MPRegen 0.18/turn               r - ring of wizardry

@: lethally poisoned (-1 -> -35), swift, flying quickly and evasively, wreathed
by umbra, very quick
A: beak, talons 3, nimble flight
a: Renounce Religion


You were on level 5 of the Dungeon.
You worshipped Dithmenos.
Dithmenos was aware of your devotion.
You visited 2 branches of the dungeon, and saw 6 of its levels.
You also visited: Ossuary.

You collected 489 gold pieces.

Inventory:

Hand Weapons
 n - a +1 short sword (weapon)
Missiles
 i - 6 atropa-tipped darts
 t - a throwing net
Armour
 a - a +0 robe
 c - a +0 robe of willpower (worn)
 m - a +1 pair of gloves (worn)
Jewellery
 e - an amulet of regeneration (around neck)
 h - a ring of magical power (left hand)
 r - a ring of wizardry (right hand)
 u - a +4 ring of slaying
Wands
 x - a wand of iceblast (10)
Scrolls
 j - 3 scrolls of teleportation
 v - a scroll of enchant weapon
 w - 3 scrolls of identify
 y - 2 scrolls of magic mapping {unknown}
 z - a scroll of amnesia
Potions
 b - 4 potions of magic
 d - 2 potions of attraction
 f - a potion of ambrosia
 g - 4 potions of curing
 k - 2 potions of brilliance
 l - 2 potions of might
 o - a potion of berserk rage
 p - a potion of resistance
 q - a potion of lignification
 s - a potion of heal wounds


   Skills:
 + Level 6.3 Fighting
 - Level 2.1 Dodging
 - Level 2.0 Stealth
 - Level 3.0 Spellcasting
 + Level 6.1 Conjurations
 + Level 9.4 Air Magic
 + Level 2.8 Evocations


You had 3 spell levels left.
You knew the following spells:

 Your Spells              Type           Power      Damage    Failure   Level
a - Shock                 Conj/Air       100%       1d9       1%          1
b - Swiftness             Air            34%        N/A       1%          3
c - Static Discharge      Conj/Air       28%        N/A       1%          2
d - Airstrike             Air            17%        N/A       1%          4

Your spell library contained the following spells:

 Spells                   Type           Power      Damage    Failure   Level


Dungeon Overview and Level Annotations

Branches:
Dungeon (5/15)             Temple (1/1) D:4         Ossuary (visited)

Altars:
Ashenzari
Cheibriados
Dithmenos
Fedhas
Gozag
Hepliaklqana
Kikubaaqudgha
Makhleb
Nemelex Xobeh
Okawaru
Qazlal
Ru
Sif Muna
Trog
Uskayaw
Vehumet
Wu Jian
Xom
Yredelemnul
Zin
The Shining One

Shops:
D:3 (

Annotations:
D:5 Grum


Innate Abilities, Weirdness & Mutations

You have a beak for a mouth.
You have claws for feet.
Your magical nature lets you fly swiftly and evasively.


Message History

Grum is heavily wounded.
Grum hits you from afar with a -1 spear of venom.
You are poisoned.
Casting: Shock (safe; 1% risk of failure)
Confirm with . or Enter, or press ? or * to list all spells.
Aiming: Shock (safe; 1% risk of failure)
Press: ? - help, Shift-Dir - straight line, f/p - Grum
Aim: Grum, wielding a -1 spear of venom and wearing a +0 animal skin (heavily wounded, umbra, 77% to hit)
The zap hits Grum.
Grum is severely wounded.
You feel very sick.
Grum hits you from afar with a -1 spear of venom!
You are more poisoned.
Casting: Shock (safe; 1% risk of failure)
Confirm with . or Enter, or press ? or * to list all spells.
Aiming: Shock (safe; 1% risk of failure)
Press: ? - help, Shift-Dir - straight line, f/p - Grum
Aim: Grum, wielding a -1 spear of venom and wearing a +0 animal skin (severely wounded, umbra, 77% to hit)
The zap hits Grum but does no damage.
Grum is severely wounded.
You feel extremely sick.
Grum hits you from afar with a -1 spear of venom.
Casting: Shock (safe; 1% risk of failure)
Confirm with . or Enter, or press ? or * to list all spells.
Aiming: Shock (safe; 1% risk of failure)
Press: ? - help, Shift-Dir - straight line, f/p - Grum
Aim: Grum, wielding a -1 spear of venom and wearing a +0 animal skin (severely wounded, umbra, 77% to hit)
The zap hits Grum!
Grum is severely wounded.
You feel very sick.
Grum hits you from afar with a -1 spear of venom!
* * * LOW HITPOINT WARNING * * *
You are more poisoned.
Casting: Shock (safe; 1% risk of failure)
Confirm with . or Enter, or press ? or * to list all spells.
Aiming: Shock (safe; 1% risk of failure)
Press: ? - help, Shift-Dir - straight line, f/p - Grum
Aim: Grum, wielding a -1 spear of venom and wearing a +0 animal skin (severely wounded, umbra, 77% to hit)
The zap misses Grum.
You die...

####......##
###(.........#''#..#
#>..##.............##
#.........# .......#
#........#####......# #
........##...'......#
##........##...'g.....#
.#........##...'......#
.##........## ##@.....#
..##....#...###.......#
..#...................#
...........##..##.....#
.........#.##...#.#####
.........#####....###
....................###
...................#..#
..........[........#.##


You could see Grum.

Vanquished Creatures
  Duvessa (D:4)
  2 wolves (D:5)
  A phantom (D:5)
  2 gnoll sergeants (D:5)
  Dowan (D:4)
  14 hounds
  2 gnoll shamans (D:5)
  4 orc priests
  2 iguanas (D:5)
  7 orc wizards
  8 mummies (Ossuary)
  10 gnolls (D:5)
  4 adders
  A white imp (D:4)
  A worm (D:2)
  A dart slug (D:1)
  7 orcs
  2 ball pythons (D:4)
  2 endoplasms
  2 giant cockroaches (D:3)
  2 gnoll zombies (Ossuary)
  2 goblins
  5 hobgoblins
  6 jackals
  3 quokkas
  4 bats
  6 frilled lizards
  A hobgoblin zombie (Ossuary)
  10 kobolds
  3 kobold zombies (Ossuary)
  2 orc zombies (Ossuary)
  A rat (D:1)
119 creatures vanquished.

Vanquished Creatures (others)
  6 fungi (D:3)
  4 plants (D:3)
10 creatures vanquished.

Grand Total: 129 creatures vanquished

Notes
Turn   | Place    | Note
-------+----------+-------------------------------------------
     0 | D:1      | zishaf the Tengu Air Elementalist began the quest for the
                  | Orb.
     0 | D:1      | Reached XP level 1. HP: 10/10 MP: 4/4
   914 | D:2      | Reached skill level 1 in Fighting
   914 | D:2      | Reached XP level 2. HP: 16/16 MP: 6/6
  1183 | D:2      | Reached XP level 3. HP: 20/20 MP: 7/7
  1276 | D:2      | Learned a level 3 spell: Swiftness
  1411 | D:2      | Reached skill level 5 in Air Magic
  1877 | D:3      | Reached XP level 4. HP: 26/26 MP: 8/8
  2183 | D:3      | Found a faded altar of an unknown god.
  2355 | D:3      | Found Vyekkepto's Weapon Boutique.
  2443 | D:4      | Identified a scroll of acquirement
  2443 | D:4      | Acquired an amulet of regeneration
  2517 | D:4      | Found a sand-covered staircase.
  2567 | D:4      | Gained mutation: Your magical nature lets you fly swiftly
                  | and evasively. [Tengu growth]
  2567 | D:4      | Reached XP level 5. HP: 31/31 MP: 3/10
  2667 | Ossuary  | Entered an ossuary
  2671 | Ossuary  | Learned a level 2 spell: Static Discharge
  2934 | Ossuary  | Reached skill level 6 in Air Magic
  2939 | Ossuary  | Learned a level 4 spell: Airstrike
  3130 | Ossuary  | Reached XP level 6. HP: 37/37 MP: 11/11
  3331 | D:4      | Noticed Duvessa
  3338 | D:4      | Noticed Dowan
  3388 | D:4      | Killed Duvessa
  3390 | D:4      | Killed Dowan
  3391 | D:4      | Reached skill level 7 in Air Magic
  3443 | D:4      | Found a staircase to the Ecumenical Temple.
  3452 | Temple   | Entered the Ecumenical Temple
  3767 | Temple   | Became a worshipper of Dithmenos the Shadowed
  4060 | D:4      | Reached XP level 7. HP: 39/44 MP: 12/12
  4462 | D:5      | Entered Level 5 of the Dungeon
  4865 | D:5      | Reached skill level 5 in Fighting
  4882 | D:5      | Reached skill level 8 in Air Magic
  4886 | D:5      | Reached XP level 8. HP: 28/49 MP: 6/13
  4946 | D:5      | Reached * piety under Dithmenos
  5100 | D:5      | Noticed Grum
  5312 | D:5      | Reached skill level 1 in Evocations
  5323 | D:5      | Reached skill level 5 in Conjurations
  5597 | D:5      | Reached skill level 9 in Air Magic
  6211 | D:5      | Succumbed to Grum's poison

Illustrated notes

Levels and vault maps discovered:
D:1:      evilmike_arrival_rings, layout_loops_cross, serial_forest,
          infiniplex_forest_clump_long, infiniplex_forest_lined_1,
          infiniplex_forest_zigzag_1, infiniplex_forest_straight_1,
          infiniplex_forest_straight_3, infiniplex_forest_straight_4,
          infiniplex_forest_straight_3
D:2:      layout_basic
D:3:      layout_rooms, dreamdust_ecumenical_altar_grove, serial_shops,
          nicolae_shop_window_shopping, minmay_misc_feat_iff,
          kennysheep_generic_room_13
D:4:      layout_loops_ring, lemuel_temple_firewalk_b,
          nicolae_ossuary_entry_false_entrances, uniq_duvessa
D:5:      layout_cave_pools, serial_gnoll_camp, grums_kennel,
          gnoll_camp_huts_basic, gnoll_camp_mini_hut, gnoll_camp_mini_doghouse
Temple:   mainiacjoe_temple_hex_bubbles

Skill      XL: |  1  2  3  4  5  6  7  8 |
---------------+-------------------------+-----
Fighting       | 1 2 3 4 5 6 |  6.3
Air Magic      | 5 6 7 8 9 |  9.4
Spellcasting   | 3 |  3.0
Conjurations   | 4 6 |  6.1
Evocations     | 2 |  2.8
Dodging        | |  2.1
Stealth        | |  2.0

Action                   |  1- 3 |  4- 6 |  7- 9 || total
-------------------------+-------+-------+-------++-------
Melee: Short sword       |       |    41 |    36 ||    77
       Kick              |       |     7 |    12 ||    19
       Peck              |       |     4 |     7 ||    11
 Cast: Shock             |    77 |   109 |   204 ||   390
       Static Discharge  |       |     3 |    13 ||    16
       Swiftness         |       |     3 |     2 ||     5
       Airstrike         |       |       |     3 ||     3
  Use: Scroll            |       |    15 |     2 ||    17
       Potion            |       |     3 |     1 ||     4
Armor: Robe              |     5 |    11 |    16 ||    32
       Skin              |       |    16 |       ||    16
Dodge: Dodged            |    11 |    39 |    71 ||   121

Table legend: (Time is in decaauts)
 A = Elapsed time spent in this place.
 B = Non-inter-level travel time spent in this place.
 C = Inter-level travel time spent in this place.
 D = Time resting spent in this place.
 E = Time spent auto-exploring this place.
 F = Levels seen in this place.
 G = Mean time per level.
                   A        B        C        D        E       F      G
               +--------+--------+--------+--------+--------+-----+--------+
         Total |   6062 |   5851 |    211 |    551 |   4166 |   7 |  866.0 |
       Dungeon |   5184 |   5072 |    112 |    428 |   3669 |   5 | 1036.8 |
        Temple |    315 |    216 |     99 |      0 |    209 |   1 |  315.0 |
       Ossuary |    563 |    563 |      0 |    123 |    288 |   1 |  563.0 |
               +--------+--------+--------+--------+--------+-----+--------+

Top non-repeatable levels by time:
     D:5: 1565 daAuts
     D:4: 1184 daAuts
     D:1: 903 daAuts
     D:2: 812 daAuts
     D:3: 718 daAuts
 Ossuary: 563 daAuts
  Temple: 315 daAuts
